 Dungeon Sprint DCSS version 0.19-a0-1827-g174f941 (webtiles) character file.

431 monday the Geomancer (level 7, -5/36 HPs)
             Began as a Gargoyle Earth Elementalist on Oct 7, 2016.
             Was an Initiate of Vehumet.
             Slain by a slime creature (15 damage)
             ... in the Dungeon (Sprint I: "Red Sonja").
             The game lasted 00:03:25 (715 turns).

monday the Geomancer (Gargoyle Earth Elementalist)   Turns: 715, Time: 00:03:25

Health: -5/36      AC:  6    Str: 12    XL:     7   Next: 0%
Magic:  9/18       EV: 12    Int: 17    God:    Vehumet [......]
Gold:   273        SH:  0    Dex: 10    Spells: 4 memorised, 8 levels left

rFire  . . .     SeeInvis .     n - +0 mace
rCold  . . .     Gourm    .     c - +0 robe
rNeg   + . .     Faith    .     (no shield)
rPois  ∞         Spirit   .     (no helmet)
rElec  +         Dismiss  .     (no cloak)
rCorr  .         Reflect  .     (no gloves)
MR     .....     Harm     .     (no boots)
Stlth  ++........ NoTele   +    (no amulet)
                                (no ring)
                                (no ring)

@: no status effects
A: negative energy resistance 1, electricity resistance, unbreathing,
petrification resistance, rot immunity, AC +4
a: Renounce Religion


You were in the Dungeon.
You worshipped Vehumet.
Vehumet was noncommittal.
You were hungry.

You visited 1 branch You collected 312 gold pieces.
You spent 39 gold pieces at shops.

Inventory:

Hand Weapons
 n - a +0 mace (weapon)
Missiles
 b - 10 stones (quivered)
Armour
 c - a +0 robe (worn)
Scrolls
 i - a scroll of remove curse {unknown}
 j - a scroll of blinking
 l - a scroll of magic mapping {unknown}
Potions
 a - a potion of flight {unknown}
 e - a potion of curing
 f - a potion of heal wounds
 g - a potion of haste
 h - a potion of magic
Books
 k - a book of Geomancy

   Spells                             Type                      Level
   a - Sandblast                      Earth                        1
   b - Passwall                       Transmutation/Earth          2
   c - Stone Arrow                    Conjuration/Earth            3
   d - Petrify                        Transmutation/Earth          4
   e - Lee's Rapid Deconstruction     Earth                        5
Comestibles
 d - a bread ration
 m - 6 chunks of flesh


   Skills:
 - Level 1.5 Dodging
 - Level 2.1 Stealth
 + Level 7.9 Spellcasting
 - Level 0.7 Transmutations
 * Level 13.8 Earth Magic


You had 8 spell levels left.
You knew the following spells:

 Your Spells              Type           Power        Failure   Level  Hunger
a - Sandblast             Erth           ######       1%          1    None
b - Stone Arrow           Conj/Erth      ####..       1%          3    #......
c - Petrify               Tmut/Erth      ####....     8%          4    ###....
d - Lee's Rapid Deconstr  Erth           ######....   1%          5    #####..


Dungeon Overview and Level Annotations

Branches:
Dungeon (1/1)

Altars:
Cheibriados
Dithmenos
Elyvilon
Fedhas
Gozag
Hepliaklqana
Kikubaaqudgha
Makhleb
Nemelex Xobeh
Okawaru
Qazlal
Ru
Sif Muna
Trog
Uskayaw
Vehumet
Xom
Yredelemnul
Zin
The Shining One
Jiyva
Lugonu

Shops:
D (


Innate Abilities, Weirdness & Mutations

You are resistant to torment.
Your stone body is resilient. (AC +4)
You are immune to poison.
You resist negative energy. (rN+)
You are resistant to electric shocks. (rElec)
You can survive without breathing.
You are immune to petrification.
You are immune to rotting.


Message History

The slime creature is moderately wounded.
The slime creature closely misses you.
Casting: Stone Arrow
Confirm with . or Enter, or press ? or * to list all spells.
Aiming: Stone Arrow
Press: ? - help, Shift-Dir - straight line, f/p - slime creature
Aim: a slime creature (moderately wounded)
The stone arrow hits the slime creature.
The slime creature is heavily wounded.
The slime creature hits you.
* * * LOW HITPOINT WARNING * * *
Casting: Stone Arrow
Confirm with . or Enter, or press ? or * to list all spells.
Aiming: Stone Arrow
Press: ? - help, Shift-Dir - straight line, f/p - slime creature
Aim: a slime creature (heavily wounded)
The stone arrow hits the slime creature.
The slime creature is severely wounded.
The slime creature hits you!
You die...

################ ##
#<.#..)..#..'@J#__#
#..'..#..').#..'..+
#..#####'#####'#__#
#..####..#...#.# ##
#..#__####..##.#
#..#_____##'#..+
#⌠⌠#_.∩...'..._#
####_..__##_.#'#
#_____###+#.#


You could see a slime creature.

Vanquished Creatures
  Sigmund (D)
  A yak (D)
  An ogre (D)
  A jelly (D)
  Ijyb (D)
5 creatures vanquished.

Notes
Turn   | Place    | Note
-------+----------+-------------------------------------------
     0 | D        | monday the Gargoyle Earth Elementalist began the quest for the Orb.
     0 | D        | Reached XP level 1. HP: 10/10 MP: 3/3
     1 | D        | Noticed Ijyb
    11 | D        | Killed Ijyb
    11 | D        | Reached skill level 6 in Earth Magic
    11 | D        | Reached XP level 2. HP: 15/15 MP: 0/6
    11 | D        | Reached XP level 3. HP: 19/19 MP: 0/8
    21 | D        | Learned a level 3 spell: Stone Arrow
    70 | D        | Noticed an ogre
    74 | D        | Killed an ogre
    74 | D        | Reached skill level 5 in Spellcasting
    74 | D        | Reached skill level 9 in Earth Magic
    74 | D        | Reached XP level 4. HP: 6/24 MP: 4/11
   302 | D        | Noticed Sigmund
   308 | D        | Killed Sigmund
   308 | D        | Reached skill level 12 in Earth Magic
   308 | D        | Reached XP level 5. HP: 7/28 MP: 5/14
   308 | D        | Reached XP level 6. HP: 8/32 MP: 5/15
   314 | D        | Learned a level 4 spell: Petrify
   320 | D        | Learned a level 5 spell: Lee's Rapid Deconstruction
   556 | D        | Found a deep blue altar of Sif Muna.
   558 | D        | Found a radiant altar of Vehumet.
   568 | D        | Became a worshipper of Vehumet
   597 | D        | Found Ganousm's Weapon Emporium.
   597 | D        | Found an ancient bone altar of Kikubaaqudgha.
   597 | D        | Found a hazy altar of Hepliaklqana.
   597 | D        | Found a stormy altar of Qazlal.
   597 | D        | Found a hide-covered altar of Uskayaw.
   597 | D        | Found a blossoming altar of Fedhas.
   597 | D        | Found a bloodstained altar of Trog.
   597 | D        | Found an iron altar of Okawaru.
   597 | D        | Found a basalt altar of Yredelemnul.
   597 | D        | Found a glowing golden altar of the Shining One.
   597 | D        | Found a snail-covered altar of Cheibriados.
   597 | D        | Found a sacrificial altar of Ru.
   597 | D        | Found a glowing silver altar of Zin.
   597 | D        | Found a shadowy altar of Dithmenos.
   597 | D        | Found a white marble altar of Elyvilon.
   597 | D        | Noticed a yak
   601 | D        | Killed a yak
   601 | D        | Reached skill level 13 in Earth Magic
   601 | D        | Reached XP level 7. HP: 36/36 MP: 4/18
   602 | D        | Found an opulent altar of Gozag.
   605 | D        | Found a sparkling altar of Nemelex Xobeh.
   611 | D        | Bought a +0 mace for 39 gold pieces
   699 | D        | Found a burning altar of Makhleb.
   699 | D        | Found a viscous altar of Jiyva.
   699 | D        | Found a shimmering altar of Xom.
   699 | D        | Found a corrupted altar of Lugonu.
   699 | D        | Noticed a slime creature
   715 | D        | Slain by a slime creature

Vault maps used:
D:        dungeon_sprint_1

Skill      XL: |  1  2  3  4  5  6 |
---------------+-------------------+-----
Spellcasting   | 3 5 6 7 |  7.9
Earth Magic    | 6 9 12 13 | 13.8
Dodging        | |  1.5
Stealth        | |  2.1
Transmutations | |  0.7

Action                   |  1- 3 |  4- 6 |  7- 9 || total
-------------------------+-------+-------+-------++-------
Melee: Unarmed           |     5 |       |       ||     5
       Mace              |       |       |     5 ||     5
 Cast: Sandblast         |     6 |     7 |       ||    13
       Stone Arrow       |       |     4 |     4 ||     8
       Petrify           |       |       |     3 ||     3
       Lee's Rapid Decon |       |       |     1 ||     1
  Use: Potion            |     1 |       |     1 ||     2
 Stab: Petrified         |       |       |     5 ||     5
Armor: Robe              |     2 |       |       ||     2
Dodge: Dodged            |     3 |     4 |     2 ||     9
